AoeStats
← TheQuietRiot

Arabia

508323046Analyzed
1v1 RM · 10d ago on Sep 21, 2026· 62m 14s· 2 players
Game mode
Random Map
Map size
Tiny (2 player)
Population
200
Speed
Normal
Resources
Standard
Victory
Conquest
Starting age
Dark Age
Ending age
Imperial Age
RankedLock teamsTeams togetherTeam positionsShared explorationLock speedFull tech treeHidden civsTurbo modeCheats
Victory
Defeat
🇬🇧 Spanish · United Kingdom
938
+16
🇦🇷 Burgundians · Argentina
939
-16
TheQuietRiot
5:36 Loom
10:41 Feudal Age
11:12 Double-Bit Axe
15:42 Horse Collar
17:15 Stone Mining
19:29 Castle Age
19:19 Scale Barding Armor
20:25 Gold Mining
20:26 Stone Mining
20:32 Stone Mining
22:01 Padded Archer Armor
22:24 Chain Barding Armor
22:36 Bow Saw
22:30 Heavy Plow
27:52 Wheelbarrow
32:31 Forging
31:48 Light Cavalry
35:43 Hand Cart
35:42 Husbandry
36:39 Town Watch
37:31 Ballistics
37:09 Murder Holes
38:08 Stone Shaft Mining
38:54 Bloodlines
47:01 Imperial Age
48:02 Iron Casting
47:27 Scale Mail Armor
49:17 Chemistry
48:33 Masonry
49:55 Conscription
52:36 Squires
51:59 Pikeman
52:26 Gambesons
52:09 Hussar
53:58 Blast Furnace
53:35 Plate Barding Armor
53:01 Scale Mail Armor
52:38 Halberdier
52:56 Elite Conquistador
---Marcos---
2:24 Loom
11:06 Feudal Age
12:06 Double-Bit Axe
18:46 Castle Age
16:44 Gold Mining
18:13 Forging
18:10 Scale Barding Armor
18:07 Horse Collar
20:15 Husbandry
23:08 Wheelbarrow
22:20 Cavalier
23:32 Town Watch
26:42 Hand Cart
26:42 Bow Saw
26:26 Elite Skirmisher
28:14 Fletching
28:24 Padded Archer Armor
29:07 Bodkin Arrow
31:05 Two-Man Saw
30:31 Stone Mining
31:17 Gold Shaft Mining
30:45 Heavy Plow
33:16 Crop Rotation
36:58 Imperial Age
36:50 Ballistics
38:03 Stone Shaft Mining
38:33 Paladin
39:42 Chain Barding Armor
42:09 Town Patrol
42:49 Conscription
43:00 Burgundian Vineyards
45:38 Light Cavalry
47:00 Hussar
48:35 Iron Casting
48:43 Plate Barding Armor
52:35 Blast Furnace
52:55 Bracer
Connection lost

Rejoining the realm…

Still unreachable

The connection could not be restored.

Session expired

The server has moved on; the page needs a fresh start.